 Dungeon Crawl Stone Soup version 0.30.0-29-ga12c61a403 (webtiles) character file.

Game seed: 10954461799524978854

98 ChadusMaximus the Shield-Bearer (level 5, -1/42 HPs)
             Began as a Formicid Fighter on June 11, 2023.
             Slain by a gnoll
             ... wielding a +0 flail
              (5 damage)
             ... on level 3 of the Dungeon.
             The game lasted 00:02:20 (2042 turns).

ChadusMaximus the Shield-Bearer (Formicid Fighter)  Turns: 2042, Time: 00:02:20

Health: -1/42      AC:  9    Str: 22    XL:     5   Next: 0%
Magic:  5/5        EV:  9    Int:  8    God:
Gold:   113        SH:  5    Dex: 13    Spells: 4/4 levels left

rFire   . . .        a - +0 war axe
rCold   . . .        c - +0 buckler
rNeg    . . .        b - +0 scale mail
rPois   .            (helmet unavailable)
rElec   .            o - +0 cloak
rCorr   .            (no gloves)
SInv    +            n - +0 pair of boots
Will    .....        (no amulet) Stlth
                     (no ring)
HPRegen 0.27/turn    (no ring)
MPRegen 0.09/turn

%: no passive effects
@: mighty
A: permanent stasis, dig shafts and tunnels, antennae 3, four strong arms
a: Dig, Shaft Self


You were on level 3 of the Dungeon.
You visited 1 branch of the dungeon, and saw 3 of its levels.

You collected 113 gold pieces.

Inventory:

Hand Weapons
 a - a +0 war axe (weapon)
Missiles
 f - 5 boomerangs
Armour
 b - a +0 scale mail (worn)
 c - a +0 buckler (worn)
 n - a +0 pair of boots (worn)
 o - a +0 cloak (worn)
Scrolls
 e - a scroll of amnesia {unknown}
 h - 3 scrolls of identify {unknown}
 j - a scroll of teleportation {unknown}
 l - a scroll of immolation {unknown}
 p - a scroll of blinking {unknown}
 r - a scroll of butterflies {unknown}
Potions
 g - a potion of haste {unknown}
 i - 2 potions of curing {unknown}
 k - 4 potions of heal wounds {unknown}
 m - a potion of mutation {unknown}
 q - a potion of brilliance {unknown}


   Skills:
 + Level 4.0 Fighting
 * Level 3.2 Axes
 + Level 4.0 Armour
 + Level 4.7 Shields


You had 4 spell levels left.
You didn't know any spells.
Your spell library contained the following spells:

 Spells                   Type           Power      Damage    Failure   Level
 Cigotuvi's Dreadful Rot  Necr/Pois/Air  0%         N/A       90%         2
 Dispel Undead            Necr           0%         3d6       100%        4
 Death Channel            Necr           0%         N/A       100%        6


Dungeon Overview and Level Annotations

Branches:
Dungeon (3/15)

Altars:


Innate Abilities, Weirdness & Mutations

You cannot be hasted, slowed, berserked, paralysed or teleported.
You can dig through walls and to a lower floor.
You have a pair of large antennae on your head. (SInv)
Your four strong arms can wield two-handed weapons with a shield.


Message History

You struggle against the net.
You tear a large gash into the net.
The gnoll barely misses you.
You shred the net and break free! The gnoll hits you but does no damage.
The gnoll barely misses you.
The frilled lizard attacks as you move away!
The frilled lizard bites you but does no damage.
The gnoll attacks as you move away! The gnoll hits you with a +0 flail.
The frilled lizard attacks as you move away!
The frilled lizard closely misses you.
The frilled lizard attacks as you move away!
The frilled lizard bites you. The gnoll attacks as you move away!
The gnoll barely misses you.
You feel very mighty all of a sudden. You block the gnoll's attack.
The gnoll closely misses you. The frilled lizard closely misses you.
You closely miss the gnoll. You slash the gnoll!
You barely miss the frilled lizard.
The gnoll hits you from afar with a +0 spear.
The gnoll hits you from afar with a +0 halberd!
The gnoll closely misses you. The frilled lizard bites you.
The gnoll closely misses you. The gnoll barely misses you.
The gnoll closely misses you. You block the gnoll's attack.
The gnoll closely misses you.
The frilled lizard bites you but does no damage.
Unknown command.
You hit the gnoll.
The gnoll is lightly wounded.
You completely miss the gnoll. You closely miss the frilled lizard.
The gnoll hits you from afar with a +0 spear.
The gnoll barely misses you. The gnoll hits you with a +0 flail!
* * * LOW HITPOINT WARNING * * *
The frilled lizard barely misses you.
Unknown command.
You slash the gnoll!
The gnoll is heavily wounded.
You barely miss the frilled lizard. You closely miss the gnoll.
The gnoll hits you with a +0 flail.
* * * LOW HITPOINT WARNING * * *
The gnoll closely misses you. The gnoll hits you with a +0 flail.
You die...

#............... #.###
#.............:.. #....
#................# ###..
#..!.............#.....#
#................###...#
#.......................
#....g.g...............#
#.......l...............
#.....g@g.............#.
#.....................#
#.....................##
#.....................†#
#......................#
#......................#
#.......................
#.....................##
..[................#


You could see 4 gnolls and a frilled lizard.

Vanquished Creatures
  4 adders
  A worm (D:3)
  A dart slug (D:2)
  5 ball pythons
  A bat (D:2)
  4 endoplasms (D:1)
  3 giant cockroaches (D:1)
  4 goblins
  2 hobgoblins
  8 jackals (D:1)
  6 kobolds
  3 quokkas (D:1)
  6 frilled lizards
  4 rats
52 creatures vanquished.

Notes
Turn   | Place    | Note
-------+----------+-------------------------------------------
     0 | D:1      | ChadusMaximus the Formicid Fighter began the quest for the
                  | Orb.
     0 | D:1      | Reached XP level 1. HP: 18/18 MP: 1/1
   124 | D:1      | Reached XP level 2. HP: 23/24 MP: 2/2
   326 | D:1      | Reached XP level 3. HP: 29/29 MP: 3/3
  1064 | D:2      | Reached XP level 4. HP: 37/37 MP: 4/4
  1991 | D:3      | Reached XP level 5. HP: 42/42 MP: 5/5
  2042 | D:3      | Slain by a gnoll

Illustrated notes

Levels and vault maps discovered:
D:1:      scummos_arrival_forest, layout_loops_ring
D:2:      layout_basic, serial_glass, glass_columns_a, glass_columns_a,
          glass_columns_c, glass_columns_c, glass_columns_a, glass_columns_a,
          glass_columns_b, glass_columns_c, kennysheep_generic_room_2
D:3:      layout_basic, hangedman_abyss_or_decor_stabs, minmay_vboxes

Skill      XL: |  1  2  3  4 |
---------------+-------------+-----
Axes           | 3 |  3.2
Fighting       | 4 |  4.0
Armour         | 4 |  4.0
Shields        | |  4.7

Action                     |  1- 3 |  4- 6 || total
---------------------------+-------+-------++-------
  Melee: War axe           |    84 |    58 ||   142
    Use: Potion            |       |     1 ||     1
 Armour: Scale mail        |    35 |    33 ||    68
  Dodge: Dodged            |    40 |    49 ||    89
  Block: Buckler           |    30 |    16 ||    46
